 Dungeon Crawl Stone Soup version 5.7-8-g3a8b389 (webtiles) character file.

26 learn4r the Grave Robber (level 3, 0/22 HPs)
             Began as a Skeleton Necromancer on Nov 16, 2018.
             Slain by an adder (4 damage)
             ... on level 2 of the Dungeon.
             The game lasted 00:05:06 (799 turns).

learn4r the Grave Robber (Skeleton Necromancer)      Turns: 799, Time: 00:05:06

Health: 0/22       AC:  2 (0%)Str:  9   XL:     3   Next: 52%
Magic:  0/5        EV: 12    Int: 14    God:
Gold:   64         SH:  0    Dex: 12    Spells: 5/6 levels left

rFire    . . .     SeeInvis .   b - +0 dagger
rCold    + . .     Faith    .   (no shield)
rNeg     + + +     Spirit   .   a - +0 robe
rPois    ∞         Reflect  .   (no helmet)
rElec    .                      (no cloak)
rCorr    .                      (no gloves)
MR       .....                  (no boots)
Stlth    ++........             (no amulet)
Regen    0.1/turn               (no ring)
MPRegen  0.2/turn               (no ring)

@: no status effects
A: spooky, fear immunity, bone armour, cold resistance 1, negative energy
resistance 3, torment resistance, unbreathing
a: no special abilities


You were on level 2 of the Dungeon.
You were not hungry.

You visited 1 branch of the dungeon, and saw 2 of its levels.

You collected 64 gold pieces.

Inventory:

Hand Weapons
 b - a +0 dagger (weapon)
Armour
 a - a +0 robe (worn)
Jewellery
 f - an uncursed amulet of destruction
Scrolls
 c - 2 scrolls of teleportation
 d - a scroll of fear
 e - 2 scrolls of fog


   Skills:
 + Level 0.3 Fighting
 + Level 0.6 Blades
 + Level 2.0 Dodging
 + Level 2.3 Stealth
 + Level 5.1 Necromancy


You had 5 spell levels left.
You knew the following spells:

 Your Spells              Type           Power        Failure   Level  Hunger
a - Pain                  Necr           14 (25)      3%          1    N/A

Your spell library contained the following spells:

 Spells                   Type           Power        Failure   Level  Hunger
 Animate Dead             Necr           14 (200)     34%         4    N/A
 Control Undead           Necr           14 (200)     34%         4    N/A
 Vampiric Draining        Necr           14 (200)     11%         3    N/A
 Regeneration             Chrm/Necr      7 (200)      30%         3    N/A
 Sublimation of Blood     Necr           14 (200)     5%          2    N/A

Dungeon Overview and Level Annotations

Branches:
Dungeon (2/15)

Altars:
Zin


Innate Abilities, Weirdness & Mutations

You are spooky and scary.
You do not feel fear.
You gain temporary bone armour from killing.
You are immune to poison.
Your flesh is cold resistant. (rC+)
You are immune to negative energy. (rN+++)
You are immune to unholy pain and torment.
You can survive without breathing.


Message History

You kill the adder!
Your Dodging skill increases to level 2!
You miss the adder. The adder bites you (5). x2
Casting: Pain (safe; 3% risk of failure)
Confirm with . or Enter, or press ? or * to list all spells.
Aiming: Pain (safe; 3% risk of failure)
Press: ? - help, Shift-Dir - straight line, f - adder
Aim: an adder (chance to defeat MR: 79%)
The adder writhes in agony (6)!
The adder bites you (4).
You swing at nothing.
The adder closely misses you. The adder bites you (4).
* * * LOW HITPOINT WARNING * * *
Casting: Pain (safe; 3% risk of failure)
Confirm with . or Enter, or press ? or * to list all spells.
Aiming: Pain (safe; 3% risk of failure)
Press: ? - help, Shift-Dir - straight line, f/p - adder
Aim: an adder (heavily wounded, chance to defeat MR: 79%)
The adder writhes in agony (2)!
The adder completely misses you. The adder bites you (4).
You die...

###.####.#.##.# #... #
##.....##...##.# #...
##.#.......#)..##.# #... #
..#.......#...##.###...
#.#....._.....####.......
##.#.#.......#..........#.
.....#.......#.####.....#.
...##.....##.#........##
#.####@####.#.###...##.
#....S......#.# #...#.#
##.#.#...........#.#
#...##_
........########.#.#
#...###
.....$.........#.#.#
#...##. ...............
#.# #...#.#
........####### #.#
#...##. .........
#.###...##. ........#
#........


You could see an adder.

Vanquished Creatures
  An adder (D:2)
  A dart slug (D:1)
  3 quokkas (D:1)
  3 giant cockroaches (D:1)
  4 goblins (D:1)
  5 hobgoblins
  2 kobolds (D:2)
  2 bats (D:1)
  3 frilled lizards
  A rat (D:1)
25 creatures vanquished.

Notes
Turn   | Place    | Note
-------+----------+-------------------------------------------
     0 | D:1      | learn4r the Skeleton Necromancer began the quest for the Orb.
     0 | D:1      | Reached XP level 1. HP: 11/11 MP: 2/2
   174 | D:1      | Reached XP level 2. HP: 14/17 MP: 0/3
   469 | D:1      | Reached skill level 5 in Necromancy
   579 | D:1      | Reached XP level 3. HP: 14/21 MP: 0/5
   741 | D:2      | Found a faded altar of an unknown god.
   770 | D:2      | Found a glowing silver altar of Zin.
   799 | D:2      | Slain by an adder

Skill      XL: |  1  2  3 |
---------------+----------+-----
Necromancy     | 5 |  5.1
Dodging        | 2 |  2.0
Fighting       | |  0.3
Blades         | |  0.6
Stealth        | |  2.3

Action                   || total
-------------------------++-------
Melee: Dagger            ||    63
       Unarmed           ||     2
 Cast: Pain              ||    52
Armor: Robe              ||    13
Dodge: Dodged            ||    59
Block: Other             ||     1
